AoeStats
← xxCamper_2

MegaRandom

509597109Analyzed
2v2 RM · 4d ago on Sep 27, 2026· 56m 44s· 4 players
Game mode
Random Map
Map size
Medium (4 player)
Population
200
Speed
Normal
Resources
Standard
Victory
Conquest
Starting age
Dark Age
Ending age
Imperial Age
RankedLock teamsTeams togetherTeam positionsShared explorationLock speedFull tech treeHidden civsTurbo modeCheats
Victory
Defeat
🇩🇪 Varangians · Germany
1490
+12
🇩🇪 Lithuanians · Germany
1253
+22
🇩🇪 Huns · Germany
1435
-19
🇸🇰 Romans · Slovakia
1338
-15
Phil
12:54 Feudal Age
13:03 Loom
17:25 Double-Bit Axe
21:01 Castle Age
21:29 Town Watch
22:43 Medium Warships
23:13 Fletching
27:48 Bodkin Arrow
32:27 Padded Archer Armor
36:36 Imperial Age
34:45 Wheelbarrow
35:15 Masonry
35:34 Careening
35:36 Clinker Construction
36:00 Bow Saw
38:23 Heavy Warships
39:02 Dry Dock
41:21 Bracer
41:45 Carvel Hull
45:06 Ballistics
45:46 Chemistry
45:23 Scale Barding Armor
46:16 Forging
46:28 Chain Barding Armor
46:48 Elite Cannon Galleon
48:39 Hand Cart
48:30 Town Patrol
51:46 Plate Barding Armor
51:47 Iron Casting
51:48 Gold Mining
53:00 Two-Man Saw
52:35 Conscription
53:53 Architecture
53:44 Bombard Tower
53:36 Elite Leitis
57:04 Bloodlines
56:54 Husbandry
56:16 Light Cavalry
Timmeck2
5:08 Loom
12:54 Feudal Age
16:59 Castle Age
15:48 Fletching
16:27 Town Watch
17:16 Double-Bit Axe
17:23 Gold Mining
18:17 Bow Saw
19:30 Bodkin Arrow
22:54 Wheelbarrow
27:29 Horse Collar
30:17 Ballistics
31:33 Hand Cart
32:58 Scale Mail Armor
33:08 Forging
35:32 Imperial Age
33:29 Scale Mail Armor
33:39 Forging
34:04 Squires
33:24 Pikeman
34:44 Chain Mail Armor
35:19 Heavy Plow
35:12 Stone Mining
35:56 Halberdier
37:34 Plate Mail Armor
39:34 Conscription
40:19 Iron Casting
39:44 Bracer
41:03 Masonry
43:50 Blast Furnace
43:23 Architecture
44:39 Gothikon
44:46 Vendel Legacy
45:37 Scale Barding Armor
46:09 Cavalier
46:50 Husbandry
47:00 Bloodlines
48:17 Chain Barding Armor
49:14 Chemistry
51:10 Capped Ram
52:27 Plate Barding Armor
52:37 Onager
53:39 Siege Ram
53:46 Siege Ram
57:22 Siege Engineers
xxCamper_2
1:58 Loom
12:44 Feudal Age
13:18 Man-at-Arms
14:22 Double-Bit Axe
18:56 Horse Collar
23:59 Fletching
26:12 Castle Age
24:37 Gold Mining
25:12 Forging
27:38 Medium Warships
27:53 Bow Saw
27:55 Bodkin Arrow
33:41 Imperial Age
33:04 Ballistics
33:24 Stone Mining
34:10 Gold Shaft Mining
35:43 Heavy Warships
36:45 Iron Casting
38:47 Wheelbarrow
40:47 Heavy Scorpion
42:09 Ballistas
45:01 Chemistry
44:12 Clinker Construction
44:13 Careening
48:58 Hand Cart
48:40 Capped Ram
51:46 Pikeman
52:27 Squires
52:29 Scale Mail Armor
53:30 Blast Furnace
53:43 Halberdier
aswjegk
16:14 Feudal Age
16:53 Double-Bit Axe
20:13 Castle Age
18:12 Horse Collar
18:41 Scale Barding Armor
20:45 Padded Archer Armor
20:39 Gold Mining
21:29 Medium Warships
21:39 Bow Saw
26:34 Bloodlines
26:25 Husbandry
29:51 Chain Barding Armor
32:10 Imperial Age
30:19 Heavy Plow
32:29 Cavalier
33:34 Loom
35:26 Two-Man Saw
37:04 Conscription
38:39 Fletching
39:23 Masonry
40:03 Bodkin Arrow
41:06 Ballistics
44:28 Plate Barding Armor
44:25 Paladin
46:12 Forging
46:24 Caravan
48:02 Wheelbarrow
49:48 Chemistry
56:32 Scale Mail Armor
57:02 Thumb Ring
Connection lost

Rejoining the realm…

Still unreachable

The connection could not be restored.

Session expired

The server has moved on; the page needs a fresh start.